 Dungeon Crawl Stone Soup version 0.30-a0-782-ge64f9170bb (webtiles) character file.

Game seed: 1934823046089492640

264 senseless the Firebug (level 5, -1/40 HPs)
             Began as a Draconian Fire Elementalist on Mar 3, 2023.
             Succumbed to a gnoll sergeant's poison
             ... on level 4 of the Dungeon.
             The game lasted 00:10:13 (3735 turns).

senseless the Firebug (Draconian Fire Elementalist) Turns: 3735, Time: 00:10:14

Health: -1/40      AC:  5    Str: 10    XL:     5   Next: 98%
Magic:  1/10       EV: 12    Int: 18    God:
Gold:   206        SH:  0    Dex: 11    Spells: 8/11 levels left

rFire   + . .      SeeInvis .    g - +1 sling (elec)
rCold   + . .      Faith    .    (no shield)
rNeg    . . .      Spirit   .    (body armour unavailable)
rPois   .          Reflect  .    (helmet restricted)
rElec   .          Harm     .    (no cloak)
rCorr   .          Rampage  .    (no gloves)
Will    .....                    (no boots)
Stlth   ++                       (no amulet)
HPRegen 0.26/turn                n - ring of protection from fire
MPRegen 0.12/turn                m - ring of protection from cold

@: lethally poisoned (-1 -> -14)
A: AC +5, unfitting armour, cold-blooded
a: no special abilities


You were on level 4 of the Dungeon.
You visited 1 branch of the dungeon, and saw 4 of its levels.

You collected 206 gold pieces.

Inventory:

Hand Weapons
 c - a +0 short sword
 g - a +1 sling of electrocution (weapon)
Jewellery
 m - a ring of protection from cold (right hand)
 n - a ring of protection from fire (left hand)
Wands
 j - a wand of charming (1)
 l - a wand of polymorph (6)
 p - a wand of flame (31)
Scrolls
 d - a scroll of poison
 e - 2 scrolls of teleportation
 i - a scroll of summoning {unknown}
 o - a scroll of identify {unknown}
Potions
 a - 2 potions of magic
 b - 3 potions of curing {unknown}
 f - a potion of mutation {unknown}
 h - a potion of heal wounds {unknown}
 k - a potion of ambrosia {unknown}


   Skills:
 + Level 1.2 Fighting
 + Level 2.1 Ranged Weapons
 + Level 2.1 Dodging
 + Level 2.2 Stealth
 + Level 0.2 Unarmed Combat
 + Level 3.6 Spellcasting
 + Level 1.2 Conjurations
 + Level 4.3 Fire Magic


You had 8 spell levels left.
You knew the following spells:

 Your Spells              Type           Power      Damage    Failure   Level
a - Foxfire               Conj/Fire      52%        2x1d6     4%          1
b - Scorch                Fire           36%        2d7       4%          2

Your spell library contained the following spells:

 Spells                   Type           Power      Damage    Failure   Level
 Shock                    Conj/Air       20%        1d4       12%         1
 Inner Flame              Hex/Fire       11%        N/A       19%         3
 Ignite Poison            Fire/Tmut/Pois 8%         N/A       26%         3
 Kindle Blastsparks       Fire/Tloc/Air  16%        2d11      26%         3
 Swiftness                Air            3%         N/A       43%         3
 Flame Wave               Conj/Fire      13%        2d6       45%         4
 Sticky Flame             Conj/Fire      13%        2d4       45%         4
 Airstrike                Air            1%         2d(1-17)  83%         4
 Ignition                 Fire           9%         3d5       100%        8


Dungeon Overview and Level Annotations

Branches:
Dungeon (4/15)
 Temple: D:4-7

Altars:
Elyvilon
Gozag
Nemelex Xobeh
Okawaru

Shops:
D:1 *   D:4 =


Innate Abilities, Weirdness & Mutations

Your plain brown scales are hard. (AC +5)
You cannot fit into any form of body armour.
You are cold-blooded and may be slowed by cold attacks.


Message History

A gnoll sergeant and 4 gnolls come into view.
The gnoll sergeant is wielding a +1 spear of venom.
Found a golden potion.
Flames lash the gnoll.
The gnoll shouts!
The gnoll is heavily wounded.
The gnoll's fire resistance burns away.
The gnoll shouts! x3
Flames lash the gnoll sergeant.
The gnoll sergeant is lightly wounded.
The gnoll sergeant's fire resistance burns away.
Flames lash the gnoll.
The gnoll is almost dead.
The gnoll's fire resistance burns away.
Flames lash the gnoll.
The gnoll is severely wounded.
The gnoll's fire resistance burns away.
The gnoll sergeant barely misses you.
Flames lash the gnoll.
The gnoll is burned terribly!
You kill the gnoll!
The gnoll sergeant is no longer more vulnerable to fire.
The gnoll sergeant completely misses you.
Your Fighting skill increases to level 1!
You are out of magic!
You shoot a sling bullet.
The sling bullet hits the gnoll sergeant but does no damage.
The gnoll sergeant is lightly wounded.
The gnoll sergeant hits you from afar with a +1 spear of venom!
You are poisoned.
You feel very sick.
You feel very sick.
The gnoll is no longer more vulnerable to fire. x2
The gnoll sergeant hits you from afar with a +1 spear of venom!
You are lethally poisoned!
* * * LOW HITPOINT WARNING * * *
You feel very sick.
* * * LOW HITPOINT WARNING * * *
You feel very sick.
* * * LOW HITPOINT WARNING * * *
You feel very sick.
You die...

#≈######
##≈≈#...#
#.g.'g.!#
#g≈≈#...#
#g≈######
#.≈##≈≈≈##≈
#.≈≈≈≈≈≈≈≈≈
#...#####
###@#
######.######
#...........#
#.####.####.#
#.# #.# #.#
#.# #.# #.#
#.# #.#
#.####.######
#.#
#...#.......#


You could see a gnoll sergeant and 2 gnolls.

Vanquished Creatures
  3 hounds (D:4)
  An orc wizard (D:3)
  Robin (D:4)
  A gnoll (D:4)
  5 adders
  A worm (D:3)
  3 orcs
  3 ball pythons
  4 endoplasms
  3 giant cockroaches
  14 goblins
  5 hobgoblins
  10 jackals
  2 quokkas
  6 bats
  2 frilled lizards
  7 kobolds
  5 rats
76 creatures vanquished.

Vanquished Creatures (others)
  25 foxfires
25 creatures vanquished.

Grand Total: 101 creatures vanquished

Notes
Turn   | Place    | Note
-------+----------+-------------------------------------------
     0 | D:1      | senseless the Draconian Fire Elementalist began the quest
                  | for the Orb.
     0 | D:1      | Reached XP level 1. HP: 14/14 MP: 3/3
   323 | D:1      | Found Ditzuluots's General Store.
   494 | D:1      | Reached XP level 2. HP: 20/20 MP: 1/5
   626 | D:1      | Learned a level 2 spell: Scorch
  1314 | D:2      | You fall into a shaft and drop 1 floor!
  1514 | D:2      | Found an iron altar of Okawaru.
  1587 | D:2      | Reached XP level 3. HP: 26/26 MP: 3/6
  2111 | D:3      | Reached XP level 4. HP: 34/34 MP: 1/8
  2291 | D:3      | Reached skill level 1 in Ranged Weapons
  2957 | D:3      | Found an opulent altar of Gozag.
  2976 | D:3      | Found a sparkling altar of Nemelex Xobeh.
  3077 | D:4      | Reached XP level 5. HP: 39/39 MP: 2/10
  3217 | D:4      | Found a white marble altar of Elyvilon.
  3296 | D:4      | Reached skill level 4 in Fire Magic
  3332 | D:4      | Noticed Robin
  3339 | D:4      | Killed Robin
  3495 | D:4      | Found Mifiag's Jewellery Emporium.
  3729 | D:4      | Reached skill level 1 in Fighting
  3734 | D:4      | HP: 2/40 [poisoned by a gnoll sergeant]
  3735 | D:4      | Succumbed to a gnoll sergeant's poison

Illustrated notes

Levels and vault maps discovered:
D:1:      minmay_arrival_glassed_features, layout_loops_corners, serial_shops,
          shop, minmay_cut_off
D:2:      layout_rooms, basic_altar, minmay_statues_item
D:3:      layout_loops_ring, grunt_temple_overflow_opulence
D:4:      layout_loops_ring, mainiacjoe_overflow_boulevard,
          kennysheep_cross_room, minmay_misc_feat_alley,
          nicolae_take_the_stairs, lightli_minifort, uniq_robin

Skill      XL: |  1  2  3  4  5 |
---------------+----------------+-----
Stealth        | 2 |  2.2
Dodging        | 2 |  2.1
Ranged Weapons | 1 2 |  2.1
Spellcasting   | 3 |  3.6
Fire Magic     | 4 |  4.3
Fighting       | 1 |  1.2
Unarmed Combat | |  0.2
Conjurations   | |  1.2

Action                     |  1- 3 |  4- 6 || total
---------------------------+-------+-------++-------
  Melee: Unarmed           |    11 |       ||    11
         Short sword       |     7 |       ||     7
         Tailslap          |     2 |       ||     2
   Fire: Sling             |    23 |    66 ||    89
   Cast: Foxfire           |    16 |     1 ||    17
         Scorch            |    21 |    31 ||    52
    Use: Scroll            |       |     6 ||     6
 Armour: Skin              |     9 |     8 ||    17
  Dodge: Dodged            |    25 |    15 ||    40

Table legend: (Time is in decaauts)
 A = Elapsed time spent in this place.
 B = Non-inter-level travel time spent in this place.
 C = Inter-level travel time spent in this place.
 D = Time resting spent in this place.
 E = Time spent auto-exploring this place.
 F = Levels seen in this place.
 G = Mean time per level.
                   A        B        C        D        E       F      G
               +--------+--------+--------+--------+--------+-----+--------+
         Total |   3763 |   3548 |    215 |      0 |   3159 |   4 |  940.8 |
       Dungeon |   3763 |   3548 |    215 |      0 |   3159 |   4 |  940.8 |
               +--------+--------+--------+--------+--------+-----+--------+

Top non-repeatable levels by time:
     D:1: 1313 daAuts
     D:3: 1098 daAuts
     D:2: 724 daAuts
     D:4: 626 daAuts
